 Seeded DCSS version 0.28.0-53-g5a82cb258f (webtiles) character file.

Game seed: 8975328188744077526 (custom seed)

333 cbfl8 the Chopper (level 6, 0/55 HPs)
             Began as a Hill Orc Monk on Aug 3, 2022.
             Was a Believer of Beogh.
             Slain by a jelly (1 damage)
             ... on level 5 of the Dungeon.
             The game lasted 00:05:26 (4871 turns).

cbfl8 the Chopper (Hill Orc Monk)                   Turns: 4871, Time: 00:05:26

Health: 0/55       AC:  2    Str: 14    XL:     6   Next: 52%
Magic:  6/6        EV:  6    Int: 10    God:    Beogh [**....]
Gold:   121        SH: 11    Dex: 15    Spells: 5/5 levels left

rFire   . . .      SeeInvis .   a - +0 hand axe
rCold   . . .      Faith    .   q - +0 tower shield
rNeg    . . .      Spirit   .   l - +0 scale mail
rPois   .          Reflect  .   (no helmet)
rElec   .          Harm     .   (no cloak)
rCorr   .          Rampage  .   (no gloves)
Will    .....                   (no boots)
Stlth   +.........              (no amulet)
HPRegen 0.18/turn               d - +4 ring of protection
MPRegen 0.10/turn               (no ring)

@: about to teleport, corroded
A: no striking features
a: Renounce Religion, Smiting


You were on level 5 of the Dungeon.
You worshipped Beogh.
Beogh was pleased with you.
You visited 1 branch of the dungeon, and saw 5 of its levels.

You collected 121 gold pieces.

Inventory:

Hand Weapons
 a - a +0 hand axe (weapon)
Armour
 b - a +0 robe
 i - a +0 ring mail
 l - a +0 scale mail (worn)
 o - a +0 plate armour
 q - a +0 tower shield (worn)
Jewellery
 d - a +4 ring of protection (left hand)
Wands
 k - a wand of flame (18) (quivered)
 n - a wand of polymorph (9)
Scrolls
 f - 2 scrolls of identify
 g - 2 scrolls of teleportation
 h - a scroll of enchant weapon {unknown}
 j - a scroll of noise {unknown}
 m - a scroll of fear {unknown}


   Skills:
 + Level 4.8 Fighting
 + Level 6.4 Axes
 + Level 2.6 Armour
 + Level 3.1 Dodging
 + Level 2.1 Stealth
 + Level 1.1 Shields
 + Level 0.9 Evocations


You had 5 spell levels left.
You didn't know any spells.
Your spell library was empty.

Dungeon Overview and Level Annotations

Branches:
Dungeon (5/15)             Temple (0/1) D:4

Altars:
Hepliaklqana
Sif Muna

Annotations:
D:2 Sigmund
D:3 1 runed translucent door, Crazy Yiuf


Message History

You hit the jelly. The acid corrodes you!
Your hands burn!
You block the jelly's attack. The iguana closely misses you.
Unknown command.
You hit the jelly. The acid corrodes you!
Your hands burn!
The jelly is moderately wounded.
You hit the iguana but do no damage. The jelly barely misses you.
The iguana bites you. The jelly hits you. The acid corrodes you!
You are splashed with acid!
The iguana closely misses you.
Unknown command.
You hit the jelly but do no damage.
Your hands burn!
The jelly is moderately wounded.
You hit the iguana but do no damage. You block the jelly's attack.
The iguana barely misses you.
Unknown command.
You hit the jelly but do no damage.
Your hands burn!
The jelly is moderately wounded.
You hit the iguana but do no damage. The jelly hits you.
You are splashed with acid!
You block the iguana's attack. The jelly hits you.
You are splashed with acid.
* * * LOW HITPOINT WARNING * * *
Unknown command.
You are too injured to fight recklessly!
Unknown command.
Aiming: Throw Flame
Press: ? - help, Q - select action, (/) - cycle Shift-Dir - straight line, f - jelly
Aim: a jelly (moderately wounded, 100% to hit)
Okay, then.
The iguana bites you!
* * * LOW HITPOINT WARNING * * *
As you read the scroll labelled OFEL CATAMEMY, it crumbles to dust.
It is a scroll of identify.
g - 3 scrolls of teleportation You block the iguana's attack.
Okay, then.
Okay, then.
You aren't carrying any potions.
Okay, then.
As you read the scroll of teleportation, it crumbles to dust.
You feel strangely unstable. The jelly hits you.
You die...

## ##############
###..###............#
.......#J...........#
#.@l#.#.#...#..####
#...###..#..###..[....
#.# #.###.# #.#####. #
+.. ..+ #.. #+ .##+##.
(#.. .. .#. ... ##


You could see an iguana and a jelly.

Vanquished Creatures
  2 scorpions (D:4)
  Ijyb (D:3)
  4 orc wizards (D:3)
  A hound skeleton (D:4)
  An adder (D:4)
  2 worms (D:3)
  2 dart slugs
  9 orcs
  2 endoplasms (D:1)
  3 giant cockroaches
  5 goblins
  A hobgoblin (D:1)
  2 kobolds (D:1)
  2 quokkas
  3 ball pythons
  3 bats
  5 frilled lizards
  3 rats
51 creatures vanquished.

Vanquished Creatures (others)
  An orc wizard (D:4)
  A white imp (D:4)
  A kobold (D:4)
3 creatures vanquished.

Grand Total: 54 creatures vanquished

Notes
Turn   | Place    | Note
-------+----------+-------------------------------------------
     0 | D:1      | cbfl8 the Hill Orc Monk began the quest for the Orb.
     0 | D:1      | Reached XP level 1. HP: 19/19 MP: 1/1
   259 | D:1      | Found a faded altar of an unknown god.
   453 | D:1      | Reached XP level 2. HP: 20/27 MP: 2/2
  1357 | D:2      | Noticed Sigmund
  1437 | D:2      | Reached XP level 3. HP: 32/33 MP: 3/3
  1682 | D:3      | Noticed Ijyb
  1686 | D:3      | Killed Ijyb
  1687 | D:3      | Reached XP level 4. HP: 40/40 MP: 4/4
  1863 | D:3      | Reached skill level 5 in Axes
  2277 | D:3      | Reached skill level 1 in Armour
  2401 | D:3      | Found a runed translucent door.
  2402 | D:3      | Noticed Crazy Yiuf
  2661 | D:3      | Found a hazy altar of Hepliaklqana.
  2697 | D:3      | Found a shimmering blue altar of Sif Muna.
  2701 | D:3      | Reached XP level 5. HP: 33/47 MP: 5/5
  3653 | D:4      | Became a worshipper of Beogh the Brigand
  3653 | D:4      | Reached * piety under Beogh
  3653 | D:4      | Reached ** piety under Beogh
  3719 | D:4      | Reached skill level 6 in Axes
  3933 | D:4      | HP: 1/47 [scorpion (2)]
  3939 | D:4      | Reached XP level 6. HP: 4/53 MP: 6/6
  4449 | D:4      | Found a staircase to the Ecumenical Temple.
  4463 | D:4      | Reached skill level 1 in Shields
  4811 | D:5      | Entered Level 5 of the Dungeon
  4869 | D:5      | HP: 1/55 [iguana (11)]
  4871 | D:5      | Slain by a jelly

Illustrated notes

Levels and vault maps discovered:
D:1:      dpeg_arrival_oval, layout_loops_corners,
          ebering_ecumenical_altar_hall, lemuel_old_faithful
D:2:      layout_basic, serial_shops, shop_fountains, uniq_sigmund
D:3:      layout_loops_corners, nicolae_hepliaklqana_hippocampus,
          kennysheep_orc_sif_temple, nrook_campfire, minmay_misc_feat_room,
          uniq_crazy_yiuf_cottage, uniq_ijyb
D:4:      layout_basic, minmay_temple_entry_statues_pillars
D:5:      nicolae_cairo_tiling, layout_basic, minmay_fractal_squares_diagonal_5

Skill      XL: |  1  2  3  4  5  6 |
---------------+-------------------+-----
Fighting       | 4 |  4.8
Stealth        | 2 |  2.1
Axes           | 5 6 |  6.4
Armour         | 1 2 |  2.6
Dodging        | 3 |  3.1
Shields        | 1 |  1.1
Evocations     | |  0.9

Action                   |  1- 3 |  4- 6 || total
-------------------------+-------+-------++-------
Melee: Hand axe          |    75 |   142 ||   217
       Punch             |       |     1 ||     1
Invok: Convert to Beogh  |       |     1 ||     1
Evoke: Wand              |     3 |    10 ||    13
  Use: Potion            |       |     3 ||     3
       Scroll            |       |     2 ||     2
 Stab: Sleeping          |     1 |       ||     1
Armor: Robe              |     5 |       ||     5
       Ring mail         |    12 |    16 ||    28
       Scale mail        |       |    48 ||    48
Dodge: Dodged            |    43 |    51 ||    94
Block: Tower shield      |       |    57 ||    57
